Pick #1

Connor Bedard
Pick #2

Leo Carlsson
Pick #3

Adam Fantilli
Pick #4

Matvei Michkov
Pick #5

David Reinbacher
Pick #6

William Smith
Pick #7

Zachary Benson
Pick #8

Ryan Leonard
Pick #9

Gabriel Perreault
Pick #10

Axel Sandin-Pellika
Pick #11

Daniil But
Pick #12

Dalibor Dvorsky
Pick #13

Quentin Musty
Pick #14

Brayden Yager
Pick #15

Dmitry Simashev
Pick #16

Colby Barlow
Pick #17

Andrew Cristall
Pick #18

Easton Cowan
Pick #19

Jacob Fowler
Pick #20

Oliver Moore
Pick #21

Oliver Bonk
Pick #22

Tom Willander
Pick #23

Calum Ritchie
Pick #24

Tanner Molendyk
Pick #25

Gavin Brindley
Pick #26

Nate Danielson
Pick #27

Pick #28

Pick #29

Pick #30

Pick #31

Pick #32

Pick #33

Pick #34

Pick #35

Pick #36

Pick #37

Pick #38

Pick #39

Pick #40

Pick #41

Pick #42

Pick #43

Pick #44

Pick #45

Pick #46

Pick #47

Pick #48

Pick #49

Pick #50

Pick #51

Pick #52

Pick #53

Pick #54

Pick #55

Pick #56

Pick #57

Pick #58

Pick #59

Pick #60

Pick #61

Pick #62

Pick #63

Pick #64

Pick #65

Pick #66

Pick #67

Pick #68

Pick #69

Pick #70

Pick #71

Pick #72

Pick #73

Pick #74

Pick #75

Pick #76

Pick #77

Pick #78

Pick #79

Pick #80

Pick #81

Pick #82

Pick #83

Pick #84

Pick #85

Pick #86

Pick #87

Pick #88

Pick #89

Pick #90

Pick #91

Pick #92

Pick #93

Pick #94

Pick #95

Pick #96

Pick #97

Pick #98

Pick #99

Pick #100

Pick #101

Pick #102

Pick #103

Pick #104

Pick #105

Pick #106

Pick #107

Pick #108

Pick #109

Pick #110

Pick #111

Pick #112

Pick #113

Pick #114

Pick #115

Pick #116

Pick #117

Pick #118

Pick #119

Pick #120

Pick #121

Pick #122

Pick #123

Pick #124

Pick #125

Pick #126

Pick #127

Pick #128

Pick #129

Pick #130

Full Scoreboard »»

Panthers vs Islanders

Created - April 1, 2024 at 21:17

Goals
1 2 3 T
Panthers 2 2 1 5
Islanders 1 2 1 4
Shots
1 2 3 T
Panthers 8 11 9 28
Islanders 6 6 11 23

GoalsPenalties
1st period
1. Panthers , Frederick Gaudreau 8 (Mikael Backlund 10, Quinn Hughes 69) at 2:08 (SH)
2. Panthers , Reilly Smith 22 (Jake Sanderson 25, Owen Power 45) at 6:39
3. Islanders , Brad Marchand 17 (Neal Pionk 32, Connor McDavid 57) at 11:57
Brady Tkachuk (FLA) for High sticking (Minor) at 1:17
2nd period
4. Islanders , Jon Marchessault 20 (Brent Burns 51, Matt Duchene 33) at 4:00
5. Panthers , Matthew Tkachuk 33 (Aleksander Barkov 50, Charlie McAvoy 52) at 6:26
6. Panthers , Reilly Smith 23 (Quinn Hughes 70, Jamie Benn 17) at 10:53
7. Islanders , Brent Burns 14 (Brad Marchand 32, Connor McDavid 58) at 15:34 (PP)
Robby Fabbri (FLA) for Hooking (Minor) at 15:18
3rd period
8. Panthers , Jack Hughes 24 (Oliver Ekman-Larsson 15, Roope Hintz 42) at 7:18
9. Islanders , Pavel Buchnevich 24 (Nick Leddy 27) at 10:20
Pavel Buchnevich (NYI) for Roughing (Minor) at 8:11
Brady Tkachuk (FLA) for High sticking (Minor) at 12:24
Mike Matheson (FLA) for Holding (Minor) at 14:51
Goalie Stats
Alexandar Georgiev (FLA), 19 saves from 23 shots - (0.826), W, 48-16-4, 60:00 minutes
John Gibson (NYI), 12 saves from 13 shots - (0.923), L, 15-11-0, 27:52 minutes
Ville Husso (NYI), 11 saves from 15 shots - (0.733), 30:53 minutes
3 StarsOfficial
1 - Reilly Smith (FLA)
2 - Quinn Hughes (FLA)
3 - Brent Burns (NYI)
Referees : Tim Mayer and Graham Skilliter
Linesman : Ryan Daisy and Steve Barton
Game Note
John Gibson enters game at 10:53 of 2nd period
Finance
Level 1 -- Attendance: 6000 (100.00%) -- Ticket Income $690,000
Level 2 -- Attendance: 4415 (88.30%) -- Ticket Income $375,275
Level 3 -- Attendance: 2000 (100.00%) -- Ticket Income $156,000
Level 4 -- Attendance: 1795 (100.00%) -- Ticket Income $107,700
Luxury Box -- Attendance: 975 (97.50%) -- Ticket Income $207,675
Game was played at the Barclays Center.
Total Attendance: 15185 (96.14%)
Total Ticket Income: $1,536,650
Other Income: $384,162
Total Income: $1,920,812



Team Name Goals Shots Shots Attemp Shots Blocked PIM HIT PP PK FO%
Panthers 52854168230 / 1 (0%)153%
Islanders 4236252161 / 4 (25%)047%

Panthers
Player Name POS G A P +/- PIM HIT SHT SB MP PP MP PP SHT PK MP PK SHT FO% FOT
Aleksander BarkovC011-1004122:040:3400:21048% 25
Andrei SvechnikovRW000-1032020:530:0000:0000% 0
Brady TkachukLW0001440017:311:2500:210100% 1
Charlie McAvoyD0113010222:451:2502:5900% 0
Frederick GaudreauC101100108:400:0003:5210% 0
Jack HughesC1011002017:121:2500:0000% 0
Jake SandersonD011-2001423:290:0003:1400% 0
Jamie BennLW0111040010:200:0000:0000% 0
Jeff CarterC0001002112:200:0002:00138% 13
Matthew TkachukLW101-1012021:270:3400:000100% 1
Mikael BacklundC011100009:140:3403:52055% 11
Mike MathesonD0001230013:450:3400:0000% 0
Oliver Ekman-LarssonD0111022113:120:0000:0000% 0
Owen PowerD011-2033324:030:3413:1400% 0
Quinn HughesD0223002322:451:2522:5900% 0
Reilly SmithRW2021013012:200:0002:000100% 1
Robby FabbriC000021004:310:0000:000100% 1
Roope HintzC0111004117:121:2500:00060% 20
Islanders
Player Name POS G A P +/- PIM HIT SHT SB MP PP MP PP SHT PK MP PK SHT FO% FOT
Brad MarchandLW1121003022:093:1210:2200% 1
Brent BurnsD1121001024:443:1210:5300% 0
Chandler StephensonC0000000011:370:0000:27040% 10
Connor McDavidC0221003021:473:1200:00055% 20
Evgeny KuznetsovC0000001011:100:0000:00050% 2
Jake GuentzelLW0001041021:473:1210:00025% 4
Jean-Gabriel PageauC000-201207:020:0001:32056% 9
Jon MarchessaultLW/RW101-1022019:343:0100:0000% 0
Justin HollD000-2011216:280:0000:0000% 0
Matt DucheneC011-1000020:013:0100:00038% 21
Michael BuntingLW000-200005:300:0000:0000% 0
Mikael GranlundC0000001010:430:0000:000100% 1
Neal PionkD011-1021123:133:0111:0600% 0
Nick LeddyD011-2000012:030:0000:0000% 0
Pavel BuchnevichLW101-1224019:333:0110:00067% 3
Shayne GostisbehereD000-1000218:483:0101:0600% 0
Shea TheodoreD0001033024:443:1210:5300% 0
Tanner JeannotLW000-201007:070:0001:37050% 2



Play-by-Play

1st period


0:01 of 1st period - Aleksander Barkov wins face-off versus Connor McDavid in neutral zone.
0:16 of 1st period - Quinn Hughes is hit by Jake Guentzel and loses puck.
0:31 of 1st period - Shot by Brad Marchand.
0:31 of 1st period - Shot Blocked by Charlie McAvoy.
0:33 of 1st period - Shot by Jake Guentzel.
0:33 of 1st period - Shot Misses the Net.
1:17 of 1st period - Minor Penalty to Brady Tkachuk for High sticking.
1:18 of 1st period - Mikael Backlund wins face-off versus Matt Duchene in Panthers zone.
1:29 of 1st period - Shot by Pavel Buchnevich.
1:29 of 1st period - Stopped by Alexandar Georgiev with a rebound.
2:06 of 1st period - Shot by Mikael Backlund.
2:06 of 1st period - Shot Misses the Net.
2:08 of 1st period - Shot by Frederick Gaudreau.
2:08 of 1st period - Goal by Frederick Gaudreau - Panthers : 1 - Islanders : 0.
2:09 of 1st period - Jeff Carter wins face-off versus Brad Marchand in neutral zone.
2:42 of 1st period - Shot by Brent Burns.
2:42 of 1st period - Shot Blocked by Jeff Carter.
2:44 of 1st period - Shot by Shea Theodore.
2:44 of 1st period - Shot Misses the Net.
2:46 of 1st period - Shot by Shea Theodore.
2:46 of 1st period - Stopped by Alexandar Georgiev with a rebound.
2:48 of 1st period - Shot by Shea Theodore.
2:48 of 1st period - Shot Misses the Net.
2:50 of 1st period - Shot by Brad Marchand.
2:50 of 1st period - Stopped by Alexandar Georgiev without a rebound.
2:51 of 1st period - Mikael Backlund wins face-off versus Matt Duchene in Panthers zone.
2:58 of 1st period - Shot by Shayne Gostisbehere.
2:58 of 1st period - Shot Blocked by Charlie McAvoy.
3:19 of 1st period - Chandler Stephenson is hit by Oliver Ekman-Larsson and loses puck.
4:43 of 1st period - Shot by Jake Guentzel.
4:43 of 1st period - Shot Blocked by Owen Power.
5:00 of 1st period - Icing by Jamie Benn.
5:01 of 1st period - Matt Duchene wins face-off versus Jeff Carter in Panthers zone.
5:04 of 1st period - Shot by Jon Marchessault.
5:04 of 1st period - Stopped by Alexandar Georgiev without a rebound.
5:05 of 1st period - Aleksander Barkov wins face-off versus Matt Duchene in Panthers zone.
5:22 of 1st period - Shot by Pavel Buchnevich.
5:22 of 1st period - Shot Blocked by Quinn Hughes.
6:39 of 1st period - Shot by Reilly Smith.
6:39 of 1st period - Goal by Reilly Smith - Panthers : 2 - Islanders : 0.
6:40 of 1st period - Mikael Backlund wins face-off versus Jake Guentzel in neutral zone.
6:59 of 1st period - Connor McDavid is hit by Mike Matheson.
7:22 of 1st period - Shot by Brad Marchand.
7:22 of 1st period - Shot Misses the Net.
7:25 of 1st period - Connor McDavid is hit by Mike Matheson.
7:37 of 1st period - Shot by Tanner Jeannot.
7:37 of 1st period - Shot Misses the Net.
7:47 of 1st period - Shot by Jean-Gabriel Pageau.
7:47 of 1st period - Shot Misses the Net.
9:15 of 1st period - Icing by Neal Pionk.
9:16 of 1st period - Connor McDavid wins face-off versus Aleksander Barkov in Islanders zone.
9:27 of 1st period - Shot by Connor McDavid.
9:27 of 1st period - Shot Misses the Net.
9:51 of 1st period - Shot by Aleksander Barkov.
9:51 of 1st period - Shot Misses the Net.
9:53 of 1st period - Shot by Andrei Svechnikov.
9:53 of 1st period - Stopped by Ville Husso without a rebound.
9:54 of 1st period - Roope Hintz wins face-off versus Matt Duchene in Islanders zone.
10:37 of 1st period - Shot by Roope Hintz.
10:37 of 1st period - Shot Misses the Net.
10:51 of 1st period - Brent Burns is hit by Brady Tkachuk.
11:27 of 1st period - Icing by Jake Sanderson.
11:28 of 1st period - Aleksander Barkov wins face-off versus Connor McDavid in Panthers zone.
11:47 of 1st period - Shot by Aleksander Barkov.
11:47 of 1st period - Shot Misses the Net.
11:53 of 1st period - Shot by Connor McDavid.
11:53 of 1st period - Shot Misses the Net.
11:57 of 1st period - Shot by Brad Marchand.
11:57 of 1st period - Goal by Brad Marchand - Panthers : 2 - Islanders : 1.
11:58 of 1st period - Matt Duchene wins face-off versus Jeff Carter in neutral zone.
11:58 of 1st period - Jon Marchessault is hit by Jamie Benn and loses puck.
12:11 of 1st period - Shot by Reilly Smith.
12:11 of 1st period - Shot Blocked by Justin Holl.
13:03 of 1st period - Pavel Buchnevich is hit by Owen Power and loses puck.
13:22 of 1st period - Shot by Roope Hintz.
13:22 of 1st period - Stopped by Ville Husso without a rebound.
13:23 of 1st period - Aleksander Barkov wins face-off versus Chandler Stephenson in Islanders zone.
13:30 of 1st period - Shot by Matthew Tkachuk.
13:30 of 1st period - Shot Misses the Net.
13:35 of 1st period - Icing by Neal Pionk.
13:36 of 1st period - Jeff Carter wins face-off versus Chandler Stephenson in Islanders zone.
13:48 of 1st period - Reilly Smith is hit by Neal Pionk and loses puck.
13:53 of 1st period - Shot by Jeff Carter.
13:53 of 1st period - Stopped by Ville Husso without a rebound.
13:54 of 1st period - Aleksander Barkov wins face-off versus Jake Guentzel in Islanders zone.
14:09 of 1st period - Aleksander Barkov is hit by Jake Guentzel and loses puck.
14:23 of 1st period - Off-side.
14:24 of 1st period - Roope Hintz wins face-off versus Pavel Buchnevich in neutral zone.
15:57 of 1st period - Off-side.
15:58 of 1st period - Jean-Gabriel Pageau wins face-off versus Jeff Carter in neutral zone.
16:42 of 1st period - Tanner Jeannot is hit by Reilly Smith and loses puck.
16:56 of 1st period - Shayne Gostisbehere is hit by Mike Matheson and loses puck.
17:12 of 1st period - Icing by Oliver Ekman-Larsson.
17:13 of 1st period - Connor McDavid wins face-off versus Jeff Carter in Panthers zone.
17:21 of 1st period - Oliver Ekman-Larsson is hit by Shea Theodore and loses puck.
17:31 of 1st period - Connor McDavid is hit by Matthew Tkachuk and loses puck.
17:54 of 1st period - Shot by Matthew Tkachuk.
17:54 of 1st period - Stopped by Ville Husso without a rebound.
17:55 of 1st period - Matt Duchene wins face-off versus Roope Hintz in Islanders zone.
18:31 of 1st period - Shot by Jack Hughes.
18:31 of 1st period - Stopped by Ville Husso without a rebound.
18:32 of 1st period - Aleksander Barkov wins face-off versus Chandler Stephenson in Islanders zone.
18:40 of 1st period - Matthew Tkachuk is hit by Neal Pionk and loses puck.
18:57 of 1st period - Shot by Matthew Tkachuk.
18:57 of 1st period - Shot Misses the Net.
18:59 of 1st period - Shot by Jake Sanderson.
18:59 of 1st period - Stopped by Ville Husso without a rebound.
19:00 of 1st period - Connor McDavid wins face-off versus Mikael Backlund in Islanders zone.
19:09 of 1st period - Shot by Connor McDavid.
19:09 of 1st period - Stopped by Alexandar Georgiev without a rebound.
19:10 of 1st period - Matt Duchene wins face-off versus Roope Hintz in Panthers zone.
19:39 of 1st period - Shot by Jack Hughes.
19:39 of 1st period - Shot Misses the Net.
19:47 of 1st period - Shot by Jack Hughes.
19:47 of 1st period - Shot Misses the Net.
Goals for this period are 2 for Panthers vs 1 for Islanders.
Shots for this period are 8 for Panthers vs 6 for Islanders.

2nd period


0:01 of 2nd period - Aleksander Barkov wins face-off versus Connor McDavid in neutral zone.
0:30 of 2nd period - Shot by Aleksander Barkov.
0:30 of 2nd period - Stopped by Ville Husso without a rebound.
0:31 of 2nd period - Roope Hintz wins face-off versus Chandler Stephenson in Islanders zone.
1:04 of 2nd period - Shot by Evgeny Kuznetsov.
1:04 of 2nd period - Stopped by Alexandar Georgiev without a rebound.
1:05 of 2nd period - Connor McDavid wins face-off versus Aleksander Barkov in Panthers zone.
1:32 of 2nd period - Jake Guentzel is hit by Andrei Svechnikov and loses puck.
2:23 of 2nd period - Shot by Reilly Smith.
2:23 of 2nd period - Deflect By Jamie Benn.
2:23 of 2nd period - Shot Misses the Net.
2:25 of 2nd period - Shot by Jamie Benn.
2:25 of 2nd period - Shot Blocked by Shayne Gostisbehere.
2:27 of 2nd period - Shot by Jamie Benn.
2:27 of 2nd period - Shot Blocked by Neal Pionk.
3:10 of 2nd period - Shot by Roope Hintz.
3:10 of 2nd period - Stopped by Ville Husso with a rebound.
3:16 of 2nd period - Shot by Roope Hintz.
3:16 of 2nd period - Shot Misses the Net.
3:18 of 2nd period - Shot by Oliver Ekman-Larsson.
3:18 of 2nd period - Stopped by Ville Husso without a rebound.
3:19 of 2nd period - Matt Duchene wins face-off versus Aleksander Barkov in Islanders zone.
4:00 of 2nd period - Shot by Jon Marchessault.
4:00 of 2nd period - Goal by Jon Marchessault - Panthers : 2 - Islanders : 2.
4:01 of 2nd period - Chandler Stephenson wins face-off versus Roope Hintz in neutral zone.
4:39 of 2nd period - Shot by Mikael Granlund.
4:39 of 2nd period - Shot Blocked by Quinn Hughes.
4:41 of 2nd period - Shot by Mikael Granlund.
4:41 of 2nd period - Shot Blocked by Roope Hintz.
4:43 of 2nd period - Shot by Mikael Granlund.
4:43 of 2nd period - Stopped by Alexandar Georgiev without a rebound.
4:44 of 2nd period - Jean-Gabriel Pageau wins face-off versus Jeff Carter in Panthers zone.
5:55 of 2nd period - Nick Leddy is hit by Jamie Benn and loses puck.
5:59 of 2nd period - Icing by Nick Leddy.
6:00 of 2nd period - Matt Duchene wins face-off versus Aleksander Barkov in Islanders zone.
6:02 of 2nd period - Icing by Jon Marchessault.
6:03 of 2nd period - Matthew Tkachuk wins face-off versus Matt Duchene in Islanders zone.
6:24 of 2nd period - Shot by Aleksander Barkov.
6:24 of 2nd period - Shot Misses the Net.
6:26 of 2nd period - Shot by Aleksander Barkov.
6:26 of 2nd period - Deflect By Matthew Tkachuk.
6:26 of 2nd period - Goal by Matthew Tkachuk - Panthers : 3 - Islanders : 2.
6:27 of 2nd period - Connor McDavid wins face-off versus Roope Hintz in neutral zone.
8:06 of 2nd period - Icing by Brent Burns.
8:07 of 2nd period - Robby Fabbri wins face-off versus Connor McDavid in Islanders zone.
8:32 of 2nd period - Frederick Gaudreau is hit by Shea Theodore and loses puck.
8:43 of 2nd period - Shot by Owen Power.
8:43 of 2nd period - Stopped by Ville Husso without a rebound.
8:44 of 2nd period - Roope Hintz wins face-off versus Matt Duchene in Islanders zone.
8:56 of 2nd period - Shot by Pavel Buchnevich.
8:56 of 2nd period - Shot Misses the Net.
8:58 of 2nd period - Shot by Justin Holl.
8:58 of 2nd period - Shot Blocked by Oliver Ekman-Larsson.
9:00 of 2nd period - Shot by Justin Holl.
9:00 of 2nd period - Stopped by Alexandar Georgiev with a rebound.
9:37 of 2nd period - Off-side.
9:38 of 2nd period - Chandler Stephenson wins face-off versus Aleksander Barkov in neutral zone.
9:48 of 2nd period - Shot by Shayne Gostisbehere.
9:48 of 2nd period - Shot Misses the Net.
10:20 of 2nd period - Shot by Matthew Tkachuk.
10:20 of 2nd period - Shot Blocked by Shayne Gostisbehere.
10:22 of 2nd period - Shot by Owen Power.
10:22 of 2nd period - Stopped by Ville Husso without a rebound.
10:23 of 2nd period - Jean-Gabriel Pageau wins face-off versus Jeff Carter in Islanders zone.
10:28 of 2nd period - Jeff Carter is hit by Tanner Jeannot and loses puck.
10:53 of 2nd period - Shot by Reilly Smith.
10:53 of 2nd period - Goal by Reilly Smith - Panthers : 4 - Islanders : 2.
10:53 of 2nd period - John Gibson enters game.
10:54 of 2nd period - Roope Hintz wins face-off versus Matt Duchene in neutral zone.
10:57 of 2nd period - Matt Duchene is hit by Brady Tkachuk and loses puck.
11:51 of 2nd period - Shot by Aleksander Barkov.
11:51 of 2nd period - Shot Blocked by Justin Holl.
12:47 of 2nd period - Neal Pionk is hit by Andrei Svechnikov.
13:01 of 2nd period - Jake Guentzel is hit by Owen Power and loses puck.
13:28 of 2nd period - Off-side.
13:29 of 2nd period - Jeff Carter wins face-off versus Matt Duchene in neutral zone.
13:42 of 2nd period - Shot by Matt Duchene.
13:42 of 2nd period - Shot Misses the Net.
13:50 of 2nd period - Shot by Jon Marchessault.
13:50 of 2nd period - Deflect By Matt Duchene.
13:50 of 2nd period - Shot Misses the Net.
14:21 of 2nd period - Icing by Brent Burns.
14:22 of 2nd period - Roope Hintz wins face-off versus Matt Duchene in Islanders zone.
14:39 of 2nd period - Shot by Roope Hintz.
14:39 of 2nd period - Stopped by John Gibson without a rebound.
14:40 of 2nd period - Mikael Backlund wins face-off versus Evgeny Kuznetsov in Islanders zone.
14:46 of 2nd period - Off-side.
14:47 of 2nd period - Connor McDavid wins face-off versus Mikael Backlund in neutral zone.
14:47 of 2nd period - Connor McDavid is hit by Robby Fabbri.
14:51 of 2nd period - Mikael Backlund is hit by Jake Guentzel and loses puck.
14:57 of 2nd period - Icing by Quinn Hughes.
14:58 of 2nd period - Evgeny Kuznetsov wins face-off versus Mikael Backlund in Panthers zone.
14:58 of 2nd period - Chandler Stephenson is hit by Charlie McAvoy and loses puck.
15:18 of 2nd period - Minor Penalty to Robby Fabbri for Hooking.
15:19 of 2nd period - Connor McDavid wins face-off versus Mikael Backlund in Panthers zone.
15:32 of 2nd period - Shot by Brad Marchand.
15:32 of 2nd period - Shot Blocked by Jake Sanderson.
15:34 of 2nd period - Shot by Brent Burns.
15:34 of 2nd period - Goal by Brent Burns - Panthers : 4 - Islanders : 3.
15:35 of 2nd period - Pavel Buchnevich wins face-off versus Aleksander Barkov in neutral zone.
16:54 of 2nd period - Shot by Connor McDavid.
16:54 of 2nd period - Shot Blocked by Owen Power.
16:56 of 2nd period - Shot by Shea Theodore.
16:56 of 2nd period - Stopped by Alexandar Georgiev without a rebound.
16:57 of 2nd period - Chandler Stephenson wins face-off versus Jeff Carter in Panthers zone.
17:23 of 2nd period - Shayne Gostisbehere is hit by Jamie Benn.
17:40 of 2nd period - Icing by Mike Matheson.
17:41 of 2nd period - Reilly Smith wins face-off versus Connor McDavid in Panthers zone.
17:51 of 2nd period - Shot by Reilly Smith.
17:51 of 2nd period - Stopped by John Gibson without a rebound.
17:52 of 2nd period - Pavel Buchnevich wins face-off versus Aleksander Barkov in Islanders zone.
17:52 of 2nd period - Pavel Buchnevich is hit by Andrei Svechnikov.
18:13 of 2nd period - Shot by Aleksander Barkov.
18:13 of 2nd period - Shot Misses the Net.
18:15 of 2nd period - Shot by Aleksander Barkov.
18:15 of 2nd period - Deflect By Andrei Svechnikov.
18:15 of 2nd period - Shot Misses the Net.
18:17 of 2nd period - Shot by Aleksander Barkov.
18:17 of 2nd period - Stopped by John Gibson with a rebound.
18:19 of 2nd period - Shot by Jake Sanderson.
18:19 of 2nd period - Shot Hit the Post.
18:21 of 2nd period - Shot by Aleksander Barkov.
18:21 of 2nd period - Stopped by John Gibson with a rebound.
18:31 of 2nd period - Shot by Aleksander Barkov.
18:31 of 2nd period - Shot Misses the Net.
18:55 of 2nd period - Owen Power is hit by Jake Guentzel and loses puck.
19:27 of 2nd period - Icing by Brent Burns.
19:28 of 2nd period - Roope Hintz wins face-off versus Connor McDavid in Islanders zone.
Goals for this period are 2 for Panthers vs 2 for Islanders.
Shots for this period are 11 for Panthers vs 6 for Islanders.

3rd period


0:01 of 3rd period - Aleksander Barkov wins face-off versus Matt Duchene in neutral zone.
0:24 of 3rd period - Shot by Aleksander Barkov.
0:24 of 3rd period - Stopped by John Gibson without a rebound.
0:25 of 3rd period - Chandler Stephenson wins face-off versus Roope Hintz in Islanders zone.
0:25 of 3rd period - Shea Theodore is hit by Brady Tkachuk and loses puck.
0:31 of 3rd period - Shea Theodore is hit by Brady Tkachuk and loses puck.
0:35 of 3rd period - Off-side.
0:36 of 3rd period - Connor McDavid wins face-off versus Aleksander Barkov in neutral zone.
0:53 of 3rd period - Shot by Brad Marchand.
0:53 of 3rd period - Stopped by Alexandar Georgiev with a rebound.
0:56 of 3rd period - Icing by Charlie McAvoy.
0:57 of 3rd period - Mikael Granlund wins face-off versus Aleksander Barkov in Panthers zone.
1:24 of 3rd period - Shot by Matthew Tkachuk.
1:24 of 3rd period - Shot Misses the Net.
1:53 of 3rd period - Andrei Svechnikov is hit by Pavel Buchnevich and loses puck.
2:31 of 3rd period - Icing by Owen Power.
2:32 of 3rd period - Roope Hintz wins face-off versus Connor McDavid in Panthers zone.
2:48 of 3rd period - Shot by Roope Hintz.
2:48 of 3rd period - Stopped by John Gibson without a rebound.
2:49 of 3rd period - Jean-Gabriel Pageau wins face-off versus Jeff Carter in Islanders zone.
3:31 of 3rd period - Shot by Jean-Gabriel Pageau.
3:31 of 3rd period - Stopped by Alexandar Georgiev without a rebound.
3:32 of 3rd period - Connor McDavid wins face-off versus Roope Hintz in Panthers zone.
3:35 of 3rd period - Shot by Connor McDavid.
3:35 of 3rd period - Stopped by Alexandar Georgiev with a rebound.
3:37 of 3rd period - Shot by Connor McDavid.
3:37 of 3rd period - Shot Blocked by Jake Sanderson.
3:39 of 3rd period - Shot by Connor McDavid.
3:39 of 3rd period - Stopped by Alexandar Georgiev without a rebound.
3:40 of 3rd period - Aleksander Barkov wins face-off versus Connor McDavid in Panthers zone.
3:47 of 3rd period - Shot by Brad Marchand.
3:47 of 3rd period - Shot Misses the Net.
5:05 of 3rd period - Shot by Roope Hintz.
5:05 of 3rd period - Shot Misses the Net.
5:54 of 3rd period - Shot by Oliver Ekman-Larsson.
5:54 of 3rd period - Stopped by John Gibson without a rebound.
5:55 of 3rd period - Jeff Carter wins face-off versus Chandler Stephenson in Islanders zone.
5:56 of 3rd period - Shot by Reilly Smith.
5:56 of 3rd period - Shot Misses the Net.
6:12 of 3rd period - Shot by Chandler Stephenson.
6:12 of 3rd period - Shot Misses the Net.
6:14 of 3rd period - Shot by Chandler Stephenson.
6:14 of 3rd period - Shot Blocked by Jake Sanderson.
6:29 of 3rd period - Off-side.
6:30 of 3rd period - Aleksander Barkov wins face-off versus Matt Duchene in neutral zone.
6:50 of 3rd period - Shot by Shea Theodore.
6:50 of 3rd period - Stopped by Alexandar Georgiev without a rebound.
6:51 of 3rd period - Brady Tkachuk wins face-off versus Tanner Jeannot in Panthers zone.
6:51 of 3rd period - Brady Tkachuk is hit by Jean-Gabriel Pageau.
7:07 of 3rd period - Shot by Roope Hintz.
7:07 of 3rd period - Shot Misses the Net.
7:18 of 3rd period - Shot by Jack Hughes.
7:18 of 3rd period - Goal by Jack Hughes - Panthers : 5 - Islanders : 3.
7:19 of 3rd period - Matt Duchene wins face-off versus Aleksander Barkov in neutral zone.
7:55 of 3rd period - Owen Power is hit by Jon Marchessault and loses puck.
8:07 of 3rd period - Matthew Tkachuk is hit by Shea Theodore and loses puck.
8:11 of 3rd period - Minor Penalty to Pavel Buchnevich for Roughing.
8:12 of 3rd period - Roope Hintz wins face-off versus Jean-Gabriel Pageau in Islanders zone.
8:47 of 3rd period - Shot by Quinn Hughes.
8:47 of 3rd period - Stopped by John Gibson without a rebound.
8:48 of 3rd period - Aleksander Barkov wins face-off versus Jean-Gabriel Pageau in Islanders zone.
9:21 of 3rd period - Shot by Owen Power.
9:21 of 3rd period - Stopped by John Gibson without a rebound.
9:22 of 3rd period - Roope Hintz wins face-off versus Jean-Gabriel Pageau in Islanders zone.
9:39 of 3rd period - Shot by Quinn Hughes.
9:39 of 3rd period - Shot Misses the Net.
9:41 of 3rd period - Shot by Quinn Hughes.
9:41 of 3rd period - Stopped by John Gibson without a rebound.
9:42 of 3rd period - Roope Hintz wins face-off versus Jean-Gabriel Pageau in Islanders zone.
10:12 of 3rd period - Justin Holl is hit by Jamie Benn.
10:20 of 3rd period - Shot by Pavel Buchnevich.
10:20 of 3rd period - Goal by Pavel Buchnevich - Panthers : 5 - Islanders : 4.
10:21 of 3rd period - Connor McDavid wins face-off versus Aleksander Barkov in neutral zone.
10:28 of 3rd period - Shot by Andrei Svechnikov.
10:28 of 3rd period - Stopped by John Gibson without a rebound.
10:29 of 3rd period - Connor McDavid wins face-off versus Aleksander Barkov in Islanders zone.
11:00 of 3rd period - Shot by Brad Marchand.
11:00 of 3rd period - Shot Blocked by Owen Power.
11:21 of 3rd period - Icing by Jake Sanderson.
11:22 of 3rd period - Aleksander Barkov wins face-off versus Matt Duchene in Panthers zone.
11:30 of 3rd period - Shea Theodore is hit by Owen Power and loses puck.
11:45 of 3rd period - Jake Sanderson is hit by Pavel Buchnevich and loses puck.
11:56 of 3rd period - Shot by Pavel Buchnevich.
11:56 of 3rd period - Stopped by Alexandar Georgiev without a rebound.
11:57 of 3rd period - Roope Hintz wins face-off versus Chandler Stephenson in Panthers zone.
12:24 of 3rd period - Minor Penalty to Brady Tkachuk for High sticking.
12:25 of 3rd period - Mikael Backlund wins face-off versus Connor McDavid in Panthers zone.
12:50 of 3rd period - Shot by Connor McDavid.
12:50 of 3rd period - Shot Misses the Net.
13:04 of 3rd period - Shot by Shea Theodore.
13:04 of 3rd period - Shot Blocked by Jake Sanderson.
13:38 of 3rd period - Shot by Jeff Carter.
13:38 of 3rd period - Stopped by John Gibson without a rebound.
13:39 of 3rd period - Mikael Backlund wins face-off versus Matt Duchene in Islanders zone.
14:34 of 3rd period - Shot by Chandler Stephenson.
14:34 of 3rd period - Deflect By Evgeny Kuznetsov.
14:34 of 3rd period - Shot Misses the Net.
14:37 of 3rd period - Icing by Mike Matheson.
14:38 of 3rd period - Tanner Jeannot wins face-off versus Roope Hintz in Panthers zone.
14:38 of 3rd period - Tanner Jeannot is hit by Oliver Ekman-Larsson.
14:51 of 3rd period - Minor Penalty to Mike Matheson for Holding.
14:52 of 3rd period - Jeff Carter wins face-off versus Jake Guentzel in Panthers zone.
15:29 of 3rd period - Shot by Brent Burns.
15:29 of 3rd period - Shot Misses the Net.
15:31 of 3rd period - Shot by Brent Burns.
15:31 of 3rd period - Shot Misses the Net.
15:33 of 3rd period - Shot by Brad Marchand.
15:33 of 3rd period - Shot Blocked by Quinn Hughes.
15:39 of 3rd period - Shot by Jake Guentzel.
15:39 of 3rd period - Stopped by Alexandar Georgiev without a rebound.
15:40 of 3rd period - Matt Duchene wins face-off versus Mikael Backlund in Panthers zone.
15:45 of 3rd period - Shot by Pavel Buchnevich.
15:45 of 3rd period - Shot Misses the Net.
15:47 of 3rd period - Shot by Neal Pionk.
15:47 of 3rd period - Stopped by Alexandar Georgiev with a rebound.
15:49 of 3rd period - Shot by Neal Pionk.
15:49 of 3rd period - Shot Misses the Net.
15:51 of 3rd period - Shot by Neal Pionk.
15:51 of 3rd period - Shot Misses the Net.
16:23 of 3rd period - Owen Power is hit by Jon Marchessault and loses puck.
16:56 of 3rd period - Mike Matheson is hit by Justin Holl.
17:35 of 3rd period - Off-side.
17:36 of 3rd period - Jean-Gabriel Pageau wins face-off versus Aleksander Barkov in neutral zone.
17:41 of 3rd period - Shot by Jean-Gabriel Pageau.
17:41 of 3rd period - Shot Misses the Net.
17:47 of 3rd period - Shot by Jean-Gabriel Pageau.
17:47 of 3rd period - Shot Misses the Net.
17:57 of 3rd period - Shot by Jean-Gabriel Pageau.
17:57 of 3rd period - Stopped by Alexandar Georgiev with a rebound.
18:03 of 3rd period - Shot by Jean-Gabriel Pageau.
18:03 of 3rd period - Shot Blocked by Aleksander Barkov.
18:41 of 3rd period - Shot by Pavel Buchnevich.
18:41 of 3rd period - Stopped by Alexandar Georgiev without a rebound.
18:42 of 3rd period - Jake Guentzel wins face-off versus Roope Hintz in Panthers zone.
18:45 of 3rd period - Islanders, John Gibson is pulled from the net.
19:58 of 3rd period - Shot by Frederick Gaudreau.
19:58 of 3rd period - Shot Misses the Net.
Goals for this period are 1 for Panthers vs 1 for Islanders.
Shots for this period are 9 for Panthers vs 11 for Islanders.